 Dungeon Sprint DCSS version 0.21-a0-278-ga722497 (webtiles) character file.

8960 potatolord6000 the Cleaver (level 11, -4/111 HPs)
             Began as a Minotaur Monk on Sept 21, 2017.
             Was the Champion of Okawaru.
             Slain by a warg (7 damage)
             ... in the Dungeon (Sprint VII: "The Pits").
             The game lasted 00:07:13 (2291 turns).

potatolord6000 the Cleaver (Minotaur Monk)          Turns: 2291, Time: 00:07:14

Health: -4/111     AC: 21    Str: 18    XL:     11   Next: 16%
Magic:  18/19      EV: 10    Int:  7    God:    Okawaru [******]
Gold:   0          SH:  0    Dex: 20    Spells: 10/10 levels left

rFire    . . .     SeeInvis .   s - +2 war axe (chop)
rCold    . . .     Gourm    .   (no shield)
rNeg     . . .     Faith    .   o - +3 chain mail
rPois    .         Spirit   .   (helmet restricted)
rElec    .         Reflect  .   t - +0 cloak
rCorr    .         Harm     .   b - +0 pair of gloves
MR       .....     NoTele   +   (no boots)
Stlth    +.........             (no amulet)
HPRegen  0.28/turn              e - +3 ring of dexterity
MPRegen  0.16/turn              f - +3 ring of dexterity

@: lethally poisoned (-4 -> -13), heroism, held
A: retaliatory headbutt, horns 2
a: Heroism, Finesse, Renounce Religion


You were in the Dungeon.
You worshipped Okawaru.
Okawaru was exalted by your worship.
You were full.

You visited 1 branch

Inventory:

Hand Weapons
 s - a +2 war axe of chopping (weapon)
Armour
 b - a +0 pair of gloves (worn)
 o - a +3 chain mail (worn)
 t - a +0 cloak (worn)
Jewellery
 e - a +3 ring of dexterity (left hand)
 f - a +3 ring of dexterity (right hand)
Wands
 u - a wand of polymorph (9/24)
Scrolls
 i - a scroll of blinking
 j - 3 scrolls of remove curse
 k - 5 scrolls of amnesia
 l - a scroll of summoning
Potions
 a - a potion of invisibility
 d - 3 potions of curing
 g - 4 potions of magic
 h - 5 potions of berserk rage
 p - a potion of heal wounds
 q - a potion of agility
 r - a potion of might
Comestibles
 c - 8 bread rations
 m - 40 fruits
 n - 5 meat rations


   Skills:
 + Level 14.6(19.6) Fighting
 + Level 14.7(19.7) Axes
 + Level 14.3(19.3) Armour
 + Level 13.6(18.6) Dodging
 - Level 1.5(6.5) Stealth
 + Level 12.2 Invocations


You had 10 spell levels left.
You didn't know any spells.

Dungeon Overview and Level Annotations

Branches:
Dungeon (1/1)

Altars:
Ashenzari
Cheibriados
Dithmenos
Elyvilon
Fedhas
Gozag
Hepliaklqana
Kikubaaqudgha
Makhleb
Nemelex Xobeh
Okawaru
Qazlal
Ru
Sif Muna
Trog
Uskayaw
Vehumet
Wu Jian
Xom
Yredelemnul
Zin
The Shining One
Beogh
Jiyva
Lugonu

Annotations:
D Harold


Innate Abilities, Weirdness & Mutations

You reflexively headbutt those who attack you in melee.
You have a pair of horns on your head.


Message History

The soldier ant stings you but does no damage.
The warg misses you. You furiously retaliate!
You headbutt the warg!
Harold throws a throwing net.
The throwing net misses you.
Things that are here:
a throwing net; a river rat corpse; a wolf spider corpse Unknown command.
You are engulfed in a cloud of scalding steam.
* * * LOW HITPOINT WARNING * * *
You feel sick. The soldier ant misses you. The warg completely misses you.
Harold throws a throwing net.
The throwing net hits you.
You become entangled in the net!
You see here a throwing net.
Unknown command.
You struggle against the net.
* * * LOW HITPOINT WARNING * * *
You feel sick. The warg barely misses you. The soldier ant stings you.
* * * LOW HITPOINT WARNING * * *
The smoke demon hits you but does no damage. x2
The smoke demon barely misses you. The warg bites you!
You die...

########### ##
#.........# ..+
#.......# #.##
####†..######## ##...##
##..))..+..##..##.......
....##+##.....##........
...##...##...†#ha..@....
.†.+.....+....†W@.......
...##.†.##....#§.3......
....##†##.....##§§§.....
##..'.)(÷..##..##.§.....
####)..######## ##...##
#.......# #.##
#.........# ..
########### ##


You could see Harold, a phantasmal warrior, a smoke demon, a soldier ant and a
warg.

Vanquished Creatures
  An emperor scorpion (D)
  A two-headed ogre (D)
  A shadow wraith (D)
  A phantasmal warrior (D)
  2 wolf spiders (D)
  A deep elf mage (D)
  A manticore (D)
  A smoke demon (D)
  An elephant (D)
  A guardian serpent (D)
  An orange demon (D)
  A demonic crawler (D)
  2 jumping spiders (D)
  A guardian mummy (D)
  A bog body (D)
  A hippogriff (D)
  A tarantella (D)
  An air elemental (D)
  A ynoxinul (D)
  A redback (D)
  A fire elemental (D)
  A fire bat (D)
  Duvessa (D)
  5 wolves (D)
  A big kobold (D)
  Blork the orc (D)
  2 gnoll sergeants (D)
  A scorpion (D)
  Dowan (D)
  A hound (D)
  A gnoll shaman (D)
  A hell rat (D)
  2 worker ants (D)
  9 gnolls (D)
  2 river rats (D)
  An ufetubus (D)
  2 orcs (D)
  A hobgoblin (D)
  6 jackals (D)
  3 frilled lizards (D)
  2 kobolds (D)
67 creatures vanquished.

Vanquished Creatures (others)
  A smoke demon (D)
  A jelly (D)
2 creatures vanquished.

Grand Total: 69 creatures vanquished

Notes
Turn   | Place    | Note
-------+----------+-------------------------------------------
     0 | D        | potatolord6000 the Minotaur Monk began the quest for the Orb.
     0 | D        | Reached XP level 1. HP: 19/19 MP: 0/0
    11 | D        | Noticed a worker ant
    18 | D        | Killed a worker ant
    18 | D        | Reached XP level 2. HP: 13/28 MP: 1/1
    50 | D        | Found a bloodstained altar of Trog.
    50 | D        | Found a deep blue altar of Sif Muna.
    50 | D        | Found a viscous altar of Jiyva.
    50 | D        | Found a hazy altar of Hepliaklqana.
    50 | D        | Found an opulent altar of Gozag.
    51 | D        | Found a glowing golden altar of the Shining One.
    51 | D        | Found a glowing silver altar of Zin.
    51 | D        | Found a basalt altar of Yredelemnul.
    51 | D        | Found a shimmering altar of Xom.
    51 | D        | Found an ornate altar of the Wu Jian Council.
    51 | D        | Found a sacrificial altar of Ru.
    51 | D        | Found a stormy altar of Qazlal.
    51 | D        | Found an iron altar of Okawaru.
    51 | D        | Found a sparkling altar of Nemelex Xobeh.
    51 | D        | Found a burning altar of Makhleb.
    51 | D        | Found a blossoming altar of Fedhas.
    51 | D        | Found a white marble altar of Elyvilon.
    51 | D        | Found a shadowy altar of Dithmenos.
    51 | D        | Found a snail-covered altar of Cheibriados.
    54 | D        | Found a corrupted altar of Lugonu.
    54 | D        | Found a radiant altar of Vehumet.
    54 | D        | Found a roughly hewn altar of Beogh.
    56 | D        | Found a shattered altar of Ashenzari.
    56 | D        | Found an ancient bone altar of Kikubaaqudgha.
    56 | D        | Found a hide-covered altar of Uskayaw.
    61 | D        | Became a worshipper of Warmaster Okawaru
    61 | D        | Reached * piety under Okawaru
    61 | D        | Reached ** piety under Okawaru
   205 | D        | Reached skill level 5 in Axes
   209 | D        | Reached skill level 5 in Fighting
   218 | D        | Reached XP level 3. HP: 31/36 MP: 2/2
   258 | D        | Reached skill level 1 in Invocations
   262 | D        | Reached skill level 5 in Dodging
   265 | D        | Reached XP level 4. HP: 41/42 MP: 0/4
   350 | D        | Noticed Blork the orc
   351 | D        | Noticed a deep elf mage
   370 | D        | Reached skill level 5 in Armour
   388 | D        | Killed a deep elf mage
   388 | D        | Reached *** piety under Okawaru
   388 | D        | Reached XP level 5. HP: 41/56 MP: 5/8
   388 | D        | Reached XP level 6. HP: 45/62 MP: 5/9
   388 | D        | Reached XP level 7. HP: 50/69 MP: 5/10
   411 | D        | Killed Blork the orc
   618 | D        | Noticed a wolf spider
   637 | D        | Killed a wolf spider
   637 | D        | Reached **** piety under Okawaru
   637 | D        | Reached skill level 10 in Fighting
   637 | D        | Reached skill level 10 in Axes
   637 | D        | Reached XP level 8. HP: 15/79 MP: 10/12
  1095 | D        | Noticed an orange demon
  1108 | D        | Reached skill level 10 in Armour
  1111 | D        | Killed an orange demon
  1111 | D        | Reached skill level 10 in Dodging
  1239 | D        | Noticed a jumping spider
  1239 | D        | Noticed a guardian mummy
  1249 | D        | Killed a guardian mummy
  1249 | D        | Reached ***** piety under Okawaru
  1257 | D        | Killed a jumping spider
  1257 | D        | Reached XP level 9. HP: 44/89 MP: 14/14
  1447 | D        | Noticed a smoke demon
  1456 | D        | Killed a smoke demon
  1613 | D        | Noticed a demonic crawler
  1628 | D        | Killed a demonic crawler
  1631 | D        | Killed a shadow wraith
  1631 | D        | Received a gift from Okawaru
  1631 | D        | Reached skill level 10 in Invocations
  1643 | D        | Got a faintly humming scale mail {god gift}
  1655 | D        | Identified the +1 scale mail "Zeuremoh" {rC+} (Okawaru gifted it to you in the Dungeon)
  1715 | D        | Noticed Duvessa
  1716 | D        | Noticed Dowan
  1717 | D        | Noticed a jumping spider
  1720 | D        | Killed Dowan
  1731 | D        | Killed Duvessa
  1731 | D        | Reached XP level 10. HP: 81/100 MP: 16/16
  1828 | D        | Noticed a two-headed ogre
  1828 | D        | Noticed a phantasmal warrior
  1837 | D        | Killed a two-headed ogre
  1841 | D        | Killed a phantasmal warrior
  1848 | D        | Noticed a manticore
  1855 | D        | Killed a manticore
  1991 | D        | Noticed a guardian serpent
  1991 | D        | Noticed an elephant
  1991 | D        | Noticed a smoke demon
  1992 | D        | Noticed an emperor scorpion
  1996 | D        | Killed a smoke demon
  2002 | D        | Killed an elephant
  2011 | D        | Killed a guardian serpent
  2026 | D        | Killed an emperor scorpion
  2026 | D        | Received a gift from Okawaru
  2026 | D        | Reached XP level 11. HP: 31/111 MP: 12/18
  2275 | D        | Noticed Harold
  2277 | D        | Noticed a wolf spider
  2279 | D        | Noticed a phantasmal warrior
  2287 | D        | Killed a wolf spider
  2287 | D        | Reached ****** piety under Okawaru
  2291 | D        | HP: 5/111 [poisoned by a wolf spider]
  2291 | D        | Slain by a warg

Vault maps used:
D:        pitsprint

Skill      XL: |  1  2  3  4  5  6  7  8  9 10 11 |
---------------+----------------------------------+-----
Fighting       | 4 5 8 10 11 12 14 | 14.6
Axes           | 4 5 9 10 11 12 14 | 14.7
Armour         | 2 3 4 8 9 11 12 14 | 14.3
Dodging        | 4 5 8 9 10 11 13 | 13.6
Invocations    | 2 6 7 9 10 11 12 | 12.2
Stealth        | |  1.5

Action                   |  1- 3 |  4- 6 |  7- 9 | 10-12 || total
-------------------------+-------+-------+-------+-------++-------
Melee: Hand axe          |    19 |    30 |    92 |       ||   141
       Headbutt          |     5 |     2 |    32 |    25 ||    64
       Punch             |       |       |     3 |     1 ||     4
       War axe           |       |       |    56 |    67 ||   123
Invok: Heroism           |     1 |       |     4 |     3 ||     8
       Finesse           |       |       |       |     2 ||     2
  Use: Potion            |     1 |     2 |     8 |     5 ||    16
 Stab: Sleeping          |     1 |       |       |       ||     1
       Invisible         |       |     2 |     1 |       ||     3
  Eat: Meat ration       |       |       |     2 |       ||     2
Armor: Robe              |     2 |       |       |       ||     2
       Chain mail        |       |    12 |    82 |    43 ||   137
Dodge: Dodged            |    16 |    14 |   118 |    71 ||   219

Table legend:
 A = Spawn XP
 B = Non-spawn XP
 C = Spawn XP percentage of total XP
 D = Spawn monster count
 E = Non-spawn monster count
 F = Spawn count percentage of total count
 G = Total turns spent on level
                    A         B        C        D         E        F      G
               +---------+---------+-------+---------+---------+-------+---------
         Total |       0 |   12801 |   0.0 |       0 |      68 |   0.0 |  2291
               +---------+---------+-------+---------+---------+-------+---------
             D |       0 |   12801 |   0.0 |       0 |      68 |   0.0 |  2291
               +---------+---------+-------+---------+---------+-------+---------
